 Dungeon Crawl Stone Soup version 0.30-a0-1103-g25895a7845 (webtiles) character file.

Game seed: 5920610820537872621

125 jlumianski the Trooper (level 4, -4/35 HPs)
             Began as a Demonspawn Fighter on Apr 19, 2023.
             Slain by a gnoll bouda
             ... wielding a +0 club
              (8 damage)
             ... on level 3 of the Dungeon.
             The game lasted 00:09:06 (2105 turns).

jlumianski the Trooper (Demonspawn Fighter)         Turns: 2105, Time: 00:09:06

Health: -4/35      AC:  8    Str: 18    XL:     4   Next: 82%
Magic:  4/4        EV:  9    Int:  9    God:
Gold:   58         SH:  8    Dex: 13    Spells: 3/3 levels left

rFire   . . .      SeeInvis .    a - +1 war axe
rCold   . . .      Faith    .    c - +0 buckler
rNeg    . . .      Spirit   .    b - +0 scale mail
rPois   .          Reflect  .    (helmet restricted)
rElec   .          Rampage  .    (no cloak)
rCorr   +                        (no gloves)
Will    +....                    (no boots) Stlth
                                 (no amulet)
HPRegen 0.25/turn                h - ring of willpower
MPRegen 0.09/turn                t - ring of resist corrosion

@: weakened
A: antennae 1, thin metallic scales 1, condensation shield
a: no special abilities


You were on level 3 of the Dungeon.
You visited 1 branch of the dungeon, and saw 5 of its levels.

You collected 130 gold pieces.
You spent 72 gold pieces at shops.

Inventory:

Hand Weapons
 a - a +1 war axe (weapon)
 k - a +2 hand axe of electrocution
Missiles
 e - 26 stones
 o - 7 poisoned darts (quivered)
Armour
 b - a +0 scale mail (worn)
 c - a +0 buckler (worn)
Jewellery
 g - a ring of fire
 h - a ring of willpower (left hand)
 t - a ring of resist corrosion (right hand)
Scrolls
 f - a scroll of enchant armour {unknown}
 i - a scroll of fog
 j - a scroll of butterflies {unknown}
 n - a scroll of blinking {unknown}
 p - a scroll of identify {unknown}
 q - a scroll of enchant weapon
 s - a scroll of vulnerability {unknown}
Potions
 d - a potion of might
 l - 3 potions of curing
 m - a potion of heal wounds {unknown}
 r - a potion of cancellation


   Skills:
 + Level 3.5 Fighting
 + Level 3.4 Axes
 + Level 3.2 Armour
 + Level 0.3 Dodging
 + Level 3.0 Shields


You had 3 spell levels left.
You didn't know any spells.
Your spell library was empty.

Dungeon Overview and Level Annotations

Branches:
Dungeon (5/15)
 Temple: D:4-7

Altars:

Shops:
D:1 ?!:=!


Innate Abilities, Weirdness & Mutations

You have a pair of small antennae on your head.
You are partially covered in thin metallic scales. (AC +2)
A meltable shield of frost defends you. (SH +4)


Message History

There is a stone staircase leading down, spattered with blood here.
You hit the gnoll bouda.
The gnoll bouda is lightly wounded.
You block the gnoll bouda's attack.
The gnoll bouda hits you with a +0 club.
You closely miss the gnoll bouda.
The gnoll bouda is lightly wounded.
You block the gnoll bouda's attack.
You barely miss the gnoll bouda.
The gnoll bouda is lightly wounded.
The gnoll bouda gazes fiercely through you!
You feel your attacks grow feeble.
The gnoll bouda hits you with a +0 club!
You barely miss the gnoll bouda.
The gnoll bouda is lightly wounded.
The gnoll bouda barely misses you. The gnoll bouda closely misses you.
You hit the gnoll bouda.
The gnoll bouda is lightly wounded.
The gnoll bouda gazes fiercely through you!
You feel as though you will be weak longer.
The gnoll bouda closely misses you.
You hit the gnoll bouda.
The gnoll bouda is lightly wounded.
The gnoll bouda hits you with a +0 club!
The gnoll bouda barely misses you.
You closely miss the gnoll bouda.
The gnoll bouda is lightly wounded.
The gnoll bouda closely misses you.
You hit the gnoll bouda.
The gnoll bouda is moderately wounded.
The gnoll bouda barely misses you.
You hit the gnoll bouda.
The gnoll bouda is moderately wounded.
The gnoll bouda hits you with a +0 club.
The gnoll bouda hits you with a +0 club!
* * * LOW HITPOINT WARNING * * *
You barely miss the gnoll bouda.
The gnoll bouda is moderately wounded.
The gnoll bouda hits you with a +0 club!
You die...

#......[.
#........
#........
####........
#...........
#####.###.......
###.....# #.......
#.).#######.......
#@g...............
#)##############..
#.# #.. #.# #..
..# #.. ###


You could see a gnoll bouda.

Vanquished Creatures
  3 gnolls (D:3)
  4 adders
  3 worms (D:2)
  4 ball pythons
  5 endoplasms
  2 giant cockroaches
  7 goblins
  2 hobgoblins
  2 jackals (D:2)
  4 kobolds
  2 quokkas (D:1)
  6 bats
  4 frilled lizards
  5 rats
53 creatures vanquished.

Vanquished Creatures (others)
  4 plants (D:1)
4 creatures vanquished.

Grand Total: 57 creatures vanquished

Notes
Turn   | Place    | Note
-------+----------+-------------------------------------------
     0 | D:1      | jlumianski the Demonspawn Fighter began the quest for the
                  | Orb.
     0 | D:1      | Reached XP level 1. HP: 18/18 MP: 1/1
    14 | D:1      | Found Zetoakk's Jewellery Boutique.
   241 | D:1      | Gained mutation: You have a pair of small antennae on your
                  | head. [demonic ancestry]
   241 | D:1      | Reached XP level 2. HP: 19/24 MP: 2/2
   289 | D:1      | Found Noeg's Distillery.
   335 | D:1      | Found Maroshuy's Distillery.
   588 | D:1      | Found Xequrgh's Magic Scroll Emporium.
   593 | D:1      | Found Kochu's Book Shop.
   693 | D:1      | Bought a potion of curing for 36 gold pieces
   693 | D:1      | Bought a potion of curing for 36 gold pieces
   748 | D:2      | Gained mutation: A meltable shield of frost defends you.
                  | (SH +4) [demonic ancestry]
   748 | D:2      | Reached XP level 3. HP: 29/29 MP: 3/3
   776 | D:5      | Entered Level 5 of the Dungeon
  1198 | D:2      | Gained mutation: You are partially covered in thin metallic
                  | scales. (AC +2) [demonic ancestry]
  1198 | D:2      | Reached XP level 4. HP: 35/35 MP: 4/4
  2105 | D:3      | Slain by a gnoll bouda

Illustrated notes

Levels and vault maps discovered:
D:1:      eino_arrival_water_cross, layout_rooms, serial_shops,
          nicolae_diamond_shop, nicolae_shop_just_a_little_nook,
          nicolae_shop_tiny_statue_garden, shop, shop, serial_forest,
          infiniplex_forest_straight_2, infiniplex_forest_clump_small,
          infiniplex_forest_clump_curved, infiniplex_forest_end_2,
          infiniplex_forest_corner_1, infiniplex_forest_join,
          infiniplex_forest_lined_2
D:2:      layout_basic
D:3:      layout_basic, lemuel_zombie_altar_kikubaaqudgha,
          minmay_tree_intersection
D:4:      layout_loops_corners, serial_bayou_pond_c, minivault_25,
          kennysheep_generic_room_12
D:5:      layout_cave_pools, minmay_temple_entry_trees, grunt_ministairs_10

Skill      XL: |  1  2  3  4 |
---------------+-------------+-----
Armour         | 3 |  3.2
Axes           | 2 3 |  3.4
Shields        | 3 |  3.0
Fighting       | |  3.5
Dodging        | |  0.3

Action                     |  1- 3 |  4- 6 || total
---------------------------+-------+-------++-------
  Melee: War axe           |   116 |    55 ||   171
  Throw: Dart              |     3 |       ||     3
    Use: Scroll            |       |     2 ||     2
         Potion            |       |     1 ||     1
 Armour: Scale mail        |    61 |    12 ||    73
  Dodge: Dodged            |    48 |    25 ||    73
  Block: Buckler           |    20 |    24 ||    44

Table legend: (Time is in decaauts)
 A = Elapsed time spent in this place.
 B = Non-inter-level travel time spent in this place.
 C = Inter-level travel time spent in this place.
 D = Time resting spent in this place.
 E = Time spent auto-exploring this place.
 F = Levels seen in this place.
 G = Mean time per level.
                   A        B        C        D        E       F      G
               +--------+--------+--------+--------+--------+-----+--------+
         Total |   2179 |   2123 |     56 |    103 |   1238 |   5 |  435.8 |
       Dungeon |   2179 |   2123 |     56 |    103 |   1238 |   5 |  435.8 |
               +--------+--------+--------+--------+--------+-----+--------+

Top non-repeatable levels by time:
     D:2: 1013 daAuts
     D:1: 732 daAuts
     D:3: 400 daAuts
     D:4: 31 daAuts
     D:5: 1 daAuts
